 Dungeon Crawl Stone Soup version 0.30-a0-924-g0ad0bf95bc (webtiles) character file.

Game seed: 8664197452763766211

478 BigDaddyOpFi the Covered (level 6, 0/55 HPs)
             Began as an Armataur Fighter on Mar 22, 2023.
             Slain by a jelly (3 damage)
             ... on level 5 of the Dungeon.
             The game lasted 00:02:33 (3882 turns).

BigDaddyOpFi the Covered (Armataur Fighter)         Turns: 3882, Time: 00:02:34

Health: 0/55       AC:  3    Str: 24    XL:     6   Next: 85%
Magic:  6/6        EV:  4    Int:  8    God:
Gold:   229        SH:  9    Dex:  9    Spells: 5/5 levels left

rFire   . . .      SeeInvis +    a - +0 war axe
rCold   . . .      Faith    .    c - +0 buckler
rNeg    . . .      Spirit   .    l - +0 plate armour
rPois   .          Reflect  +    (no helmet)
rElec   .          Roll     +    (no cloak)
rCorr   .                        s - +0 pair of gloves
Will    .....                    (no barding) Stlth
                                 o - amulet of reflection
HPRegen 0.29/turn                p - ring of see invisible
MPRegen 0.10/turn                (no ring)

@: mighty, corroded
A: large, rugged brown scales 3, deformed body, armoured tail, roll, long
tongue, awkward tongue
a: no special abilities


You were on level 5 of the Dungeon.
You visited 1 branch of the dungeon, and saw 5 of its levels.

You collected 229 gold pieces.

Inventory:

Hand Weapons
 a - a +0 war axe (weapon)
Missiles
 f - a throwing net (quivered)
Armour
 c - a +0 buckler (worn)
 l - a +0 plate armour (worn)
 s - a +0 pair of gloves (worn)
 A - an orb of wrath
Jewellery
 o - an amulet of reflection (around neck)
 p - a ring of see invisible (left hand)
Wands
 v - a wand of iceblast (6)
Scrolls
 d - a scroll of teleportation {unknown}
 e - 4 scrolls of identify
 g - 4 scrolls of amnesia
 h - a scroll of immolation
 m - a scroll of vulnerability
 t - a scroll of fog {unknown}
 u - a scroll of butterflies {unknown}
 w - a scroll of silence {unknown}
 x - a scroll of magic mapping {unknown}
 y - a scroll of acquirement {unknown}
Potions
 b - a potion of magic {unknown}
 i - a potion of resistance {unknown}
 j - a potion of degeneration {unknown}
 k - a potion of ambrosia {unknown}
 n - a potion of brilliance {unknown}
 q - a potion of lignification {unknown}
 r - a potion of heal wounds {unknown}
 z - a potion of might


   Skills:
 + Level 4.2 Fighting
 + Level 3.3 Axes
 + Level 5.6 Armour
 + Level 5.1 Shields


You had 5 spell levels left.
You didn't know any spells.
Your spell library contained the following spells:

 Spells                   Type           Power      Damage    Failure   Level
 Sting                    Tmut/Pois      0%         1d3       100%        1
 Poisonous Vapours        Pois/Air       0%         N/A       100%        2
 Olgreb's Toxic Radiance  Pois           0%         N/A       100%        4


Dungeon Overview and Level Annotations

Branches:
Dungeon (5/15)
 Temple: D:4-7

Altars:
Ashenzari
Cheibriados
Dithmenos
Elyvilon
Fedhas
Ru
Zin
The Shining One


Innate Abilities, Weirdness & Mutations

You are completely covered in rugged brown scales. (AC +3, +7% HP)
Armour fits poorly on your strangely shaped body.
You have a long armoured tail.
You roll when moving toward enemies. (Rampage)
Your long tongue fully drains potion bottles. (2x potion effects)
Your tongue gives you trouble enunciating. (1.5x scroll delay)


Message History

You hit the jelly but do no damage.
Your hands burn!
The phantom hits you but does no damage.
The jelly hits you but does no damage.
The phantom hits you but does no damage.
The jelly barely misses you.
You barely miss the phantom.
The phantom is severely damaged.
You hit the jelly.
Your hands burn!
The phantom hits you. The jelly hits you but does no damage.
You closely miss the phantom.
The phantom is severely damaged.
You hit the jelly but do no damage. The acid corrodes you!
Your hands burn!
The phantom barely misses you. You block the jelly's attack.
You miss the phantom.
The phantom is severely damaged.
You hit the jelly.
Your hands burn!
You block the phantom's attack. The jelly hits you.
You are splashed with acid!
You block the phantom's attack. The jelly hits you.
You are splashed with acid!
You are too injured to fight recklessly!
You are too injured to fight recklessly!
You are too injured to fight recklessly!
You are too injured to fight recklessly!
You are too injured to fight recklessly!
You are too injured to fight recklessly!
You are too injured to fight recklessly!
You are too injured to fight recklessly!
You are too injured to fight recklessly!
You are too injured to fight recklessly!
You feel very mighty all of a sudden.
You slurp down every last drop of the potion of might!
The phantom hits you but does no damage.
The jelly hits you.
You are splashed with acid!
* * * LOW HITPOINT WARNING * * *
Unknown command.
You completely miss the jelly.
The jelly is moderately wounded.
You closely miss the phantom. The phantom hits you.
* * * LOW HITPOINT WARNING * * *
The jelly hits you.
You die...

########..#.## #..#...
##### ######...###
##...## ##...###..#
##.....###.....##..#
#...!...#.......#..#
#.......#.......#..#
#.......#.......#..#
#...@.###.....##.##
##.WJ## ##...##..##
######.#######'##....###
.......................#
.......).............#.#
........................
######.#######'###..##.#
#.. ##...##..# .# #...
##..†..##.# #


You could see a phantom and a jelly.

Vanquished Creatures
  2 phantoms
  2 scorpions (D:4)
  A hound (D:5)
  2 iguanas
  5 adders
  A white imp (D:5)
  2 worms (D:3)
  3 dart slugs
  3 orcs
  7 ball pythons
  7 bats
  7 endoplasms
  4 giant cockroaches
  4 hobgoblins
  2 jackals (D:1)
  9 kobolds
  3 quokkas
  A frilled lizard (D:1)
  A goblin (D:2)
  8 rats
74 creatures vanquished.

Vanquished Creatures (others)
  A kobold (D:3)
  10 fungi (D:3)
11 creatures vanquished.

Grand Total: 85 creatures vanquished

Notes
Turn   | Place    | Note
-------+----------+-------------------------------------------
     0 | D:1      | BigDaddyOpFi the Armataur Fighter began the quest for the
                  | Orb.
     0 | D:1      | Reached XP level 1. HP: 19/19 MP: 1/1
    26 | D:1      | Reached XP level 2. HP: 23/26 MP: 2/2
   255 | D:1      | Found a faded altar of an unknown god.
   902 | D:2      | Reached XP level 3. HP: 33/33 MP: 3/3
  1029 | D:2      | Found a blossoming altar of Fedhas.
  1556 | D:3      | Found a snail-covered altar of Cheibriados.
  1556 | D:3      | Found a shadowy altar of Dithmenos.
  1618 | D:3      | Noticed a phantom
  1627 | D:3      | Killed a phantom
  1628 | D:3      | Reached XP level 4. HP: 24/40 MP: 4/4
  1713 | D:3      | Reached XP level 5. HP: 46/48 MP: 5/5
  1873 | D:3      | Found a glowing golden altar of the Shining One.
  1873 | D:3      | Found a glowing silver altar of Zin.
  1873 | D:3      | Found a white marble altar of Elyvilon.
  1945 | D:3      | Found a broken altar of Ashenzari.
  2557 | D:4      | Reached skill level 5 in Armour
  2680 | D:4      | Found a sacrificial altar of Ru.
  2703 | D:4      | Reached XP level 6. HP: 52/55 MP: 6/6
  3374 | D:5      | Entered Level 5 of the Dungeon
  3799 | D:5      | Reached skill level 5 in Shields
  3882 | D:5      | Slain by a jelly

Illustrated notes

Levels and vault maps discovered:
D:1:      minmay_arrival_stair_chambers, layout_basic,
          shapermc_ecumenical_altar_totnotflames
D:2:      minmay_wonky_spiral, layout_basic, basic_altar, serial_corexii_hall,
          chequers_hall_statues_corner_a, chequers_hall_statues_wall_a
D:3:      layout_basic, dreamdust_divine_triumvirate,
          mainiacjoe_overflow_cross_hatched, grunt_temple_overflow_open,
          lightli_corner_chamber
D:4:      layout_cave_pods, lemuel_doored_altar
D:5:      kennysheep_six_static_rooms, layout_loops_ring,
          minmay_overflow_temple_star_quad, grunt_ministairs_14,
          chequers_serial_rivers_room_b, serial_bayou_pond_b, minivault_19

Skill      XL: |  1  2  3  4  5  6 |
---------------+-------------------+-----
Armour         | 4 5 |  5.6
Fighting       | 3 4 |  4.2
Axes           | 2 3 |  3.3
Shields        | 4 5 |  5.1

Action                     |  1- 3 |  4- 6 || total
---------------------------+-------+-------++-------
  Melee: War axe           |    84 |   141 ||   225
         Tailslap          |     7 |    18 ||    25
    Use: Scroll            |     4 |       ||     4
         Potion            |     1 |     1 ||     2
 Armour: Scale mail        |    20 |       ||    20
         Plate armour      |    38 |    99 ||   137
  Dodge: Dodged            |    29 |    19 ||    48
  Block: Buckler           |    26 |    69 ||    95
         Reflection        |     2 |     1 ||     3

Table legend: (Time is in decaauts)
 A = Elapsed time spent in this place.
 B = Non-inter-level travel time spent in this place.
 C = Inter-level travel time spent in this place.
 D = Time resting spent in this place.
 E = Time spent auto-exploring this place.
 F = Levels seen in this place.
 G = Mean time per level.
                   A        B        C        D        E       F      G
               +--------+--------+--------+--------+--------+-----+--------+
         Total |   3973 |   3844 |    129 |      0 |   3278 |   5 |  794.6 |
       Dungeon |   3973 |   3844 |    129 |      0 |   3278 |   5 |  794.6 |
               +--------+--------+--------+--------+--------+-----+--------+

Top non-repeatable levels by time:
     D:3: 1107 daAuts
     D:4: 865 daAuts
     D:1: 746 daAuts
     D:2: 728 daAuts
     D:5: 525 daAuts
